[Event "29th IND-ch U17 Girls 2018"]
[Site "Sonipat"]
[Date "2018.09.09"]
[Round "9"]
[White "Jyothsna L"]
[Black "Sanskriti Goyal"]
[Result "1-0"]
[ECO "A76"]
[WhiteElo "1964"]
[BlackElo "1965"]
[Annotator "NA RC"]
[PlyCount "77"]
[EventDate "2018.09.05"]
[EventCountry "IND"]
[SourceTitle "playchess.com"]
[Source "ChessBase"]
[SourceQuality "1"]
[TimeControl "5400+30"]

1. d4 Nf6 2. c4 c5 3. d5 e6 4. Nc3 exd5 5. cxd5 d6 6. e4 g6 7. Nf3 Bg7 8. Be2 O-O 9. O-O Re8 {[%emt 0:00:31] LiveBook: 476 Games} 10. Qc2 Qe7 {[%emt 0:11:26] A76: Modern Benoni: Classical: 9...Re8 10 Qc2} (10... Bg4 11. h3 Bxf3 12. Bxf3 Nbd7 13. Bf4 Ne5 14. Be2 a6 15. a4 Qc7 16. Rfe1 Re7 17. Bg3 g5 18. Qd2 {½-½ (51) Bagaturov,G (2397)-Ivanov,A (2506) Acqui Terme 2015}) 11. Re1 a6 12. a4 Nbd7 13. Bf4 Nh5 14. Bg5 Ndf6 $146 ({Predecessor:} 14... Nhf6 15. Nd2 h6 16. Bh4 g5 17. Bg3 Ne5 18. h3 Qc7 19. a5 {½-½ (32) Petkov,S (2358)-Oprisor,R (2387) ICCF email 2008}) 15. Nd2 h6 $1 16. Be3 Ng4 17. Bxg4 Bxg4 18. a5 Rad8 19. f3 Bc8 20. Nc4 g5 21. Nb6 Nf4 22. Nxc8 Rxc8 23. Na4 Ng6 24. Nb6 Rcd8 25. Rab1 g4 26. Kh1 gxf3 27. gxf3 Kh8 28. Nc4 Nh4 29. Qf2 Qf6 (29... Rg8 $16) 30. Nd2 Ng6 31. f4 $18 Rd7 32. Rg1 Qd8 33. Rg3 Rg8 34. Rbg1 Nf8 35. Qg2 f6 36. Nc4 Nh7 37. f5 Ng5 38. h4 Nh7 39. Bxh6 1-0

[Event "29th IND-ch U17 Girls 2018"]
[Site "Sonipat"]
[Date "2018.09.09"]
[Round "9"]
[White "Rindhiya V"]
[Black "Tarini Goyal"]
[Result "*"]
[ECO "B19"]
[WhiteElo "1688"]
[BlackElo "2072"]
[Annotator "NA RC"]
[PlyCount "80"]
[EventDate "2018.09.05"]
[EventCountry "IND"]
[SourceTitle "playchess.com"]
[Source "ChessBase"]
[SourceQuality "1"]
[TimeControl "5400+30"]

1. e4 c6 2. d4 d5 3. Nc3 dxe4 4. Nxe4 Bf5 5. Ng3 Bg6 $1 6. h4 h6 7. Nf3 e6 8. h5 Bh7 9. Bd3 Bxd3 10. Qxd3 Nf6 11. Bf4 Bd6 12. Bxd6 Qxd6 13. O-O-O {[%emt 0:00:02] B19: Classical Caro-Kann: 4...Bf5 main line} Nbd7 14. Kb1 {[%emt 0:00:01] LiveBook: 29 Games} (14. Qe2 O-O 15. Ne5 Qc7 16. Rhe1 Rad8 17. f4 c5 18. dxc5 Nxc5 19. Qc4 Rc8 20. Kb1 Qb6 {0-1 (42) Polgar,J (2686)-Ivanchuk,V (2764) Mexico City 2010}) 14... O-O-O 15. c4 Kb8 16. Ne4 Nxe4 17. Qxe4 Nf6 18. Qe5 Rhf8 $146 ({Predecessor:} 18... Qxe5 19. Nxe5 Rhf8 20. f3 Nd7 21. Rhe1 Nxe5 22. dxe5 Rxd1+ 23. Rxd1 Kc7 24. Kc2 Rd8 25. Rxd8 Kxd8 26. Kd3 Kd7 {½-½ (26) Oliveira,T (1659)-Vasconcelos,L (1885) Guimaraes 2002}) 19. Qxd6+ Rxd6 20. Ne5 Ne4 21. Rh4 f5 (21... Ng5 $11) 22. f3 Nf6 23. Kc2 Kc7 24. Rhh1 b5 25. b3 a6 26. Kc3 a5 27. a3 Rb8 28. Nd3 Re8 29. Rde1 Rd7 ({Better is} 29... a4) 30. Re5 Rde7 $18 31. Rhe1 Nd7 32. R5e2 bxc4 33. bxc4 Kd6 34. Nf4 e5 35. c5+ Kc7 36. Kc4 e4 37. Ng6 Re6 38. Nf4 R6e7 39. Ng6 Re6 40. Nf4 R6e7 *

[Event "29th IND-ch U17 Girls 2018"]
[Site "Sonipat"]
[Date "2018.09.10"]
[Round "10"]
[White "Priyanka, Kumari"]
[Black "Bommini Mounika Akshaya"]
[Result "1-0"]
[ECO "B00"]
[WhiteElo "2005"]
[BlackElo "1787"]
[Annotator "NA RC"]
[PlyCount "113"]
[EventDate "2018.09.05"]
[EventCountry "IND"]
[SourceTitle "playchess.com"]
[Source "ChessBase"]
[SourceQuality "1"]
[TimeControl "5400+30"]

1. e4 Nc6 2. Nf3 d6 3. d4 Nf6 4. Nc3 Bg4 5. Be2 e5 6. d5 Ne7 7. Bg5 {[%emt 0:00:01] B00: Queen's Fianchetto Defence, Nimzowitsch Defence} Ng6 8. Nd2 Bd7 9. h4 h6 10. Bxf6 Qxf6 11. g3 Qd8 $146 ({Predecessor:} 11... Be7 12. Bg4 Nf8 13. Qe2 Bxg4 14. Qxg4 Nd7 {1-0 (65) Puranik,A (2481)-Gusain,H (2438) Moscow 2017}) 12. Nc4 Be7 13. Ne3 Bf6 14. h5 Ne7 15. Qd3 Nc8 16. f4 a6 17. a4 Rb8 18. a5 Na7 19. Kd2 Nb5 20. Nxb5 Bxb5 21. c4 Bd7 22. Kc2 Qc8 23. Rhf1 b6 24. axb6 cxb6 25. Qa3 $17 Qc5 26. Qxc5 bxc5 27. Rfb1 Rb6 28. Bg4 Ke7 29. Bxd7 Kxd7 30. f5 Rhb8 31. Nd1 Bg5 32. Ra3 Kc7 33. Rba1 Ra8 34. Nc3 Be7 35. Ra4 Kc8 36. Ne2 Bg5 37. R1a3 Rab8 38. b3 Ra8 39. Kd3 Kc7 40. Nc3 Be7 41. Nd1 Bg5 42. Nc3 Be7 43. Na2 a5 44. Kc2 Rba6 45. b4 Kb6 46. bxc5+ dxc5 47. Rb3+ Kc7 48. Rb5 Kd6 49. Nc1 Bd8 50. Na2 Bc7 51. Nc3 Bb6 52. Ra3 Rb8 53. Na4 Ba7 54. Rxb8 Bxb8 55. Rb3 Ba7 56. Rb7 f6 57. Kb3 1-0

[Event "29th IND-ch U17 Girls 2018"]
[Site "Sonipat"]
[Date "2018.09.10"]
[Round "10"]
[White "Tejasvi M"]
[Black "Jyothsna L"]
[Result "1/2-1/2"]
[ECO "B19"]
[WhiteElo "1747"]
[BlackElo "1964"]
[Annotator "NA RC"]
[PlyCount "73"]
[EventDate "2018.09.05"]
[EventCountry "IND"]
[SourceTitle "playchess.com"]
[Source "ChessBase"]
[SourceQuality "1"]
[TimeControl "5400+30"]

1. e4 c6 2. d4 d5 3. Nc3 dxe4 4. Nxe4 Bf5 5. Ng3 Bg6 $1 6. h4 h6 7. Nf3 Nd7 8. h5 Bh7 9. Bd3 Bxd3 10. Qxd3 Qc7 11. Bd2 e6 12. O-O-O Ngf6 13. Ne4 Nxe4 14. Qxe4 Nf6 15. Qe2 Bd6 16. g3 O-O-O 17. c4 c5 18. Bc3 cxd4 19. Nxd4 a6 20. f4 {[%emt 0:24:45] LiveBook: 3 Games B19: Classical Caro-Kann: 4...Bf5 main line} (20. Kb1 Rd7 21. Rc1 Kb8 22. Nb3 Qc6 23. c5 Bc7 24. Rh4 Rhd8 25. Ba5 Qb5 26. Bxc7+ Rxc7 27. Qxb5 axb5 28. Nd4 {½-½ (38) Gao,R (2561)-Yu,R (2494) Hangzhou 2018}) 20... Rhe8 21. Nf3 Qc6 22. Rde1 Re7 23. Ne5 $146 ({Predecessor:} 23. Kb1 Rc7 24. Ne5 Bxe5 25. fxe5 Ne4 26. Qe3 Nxc3+ 27. Qxc3 Qxc4 28. Qxc4 Rxc4 {0-1 (52) Fyllingen,R (2405)-Hole,O (2346) Oslo 2006}) 23... Bxe5 24. fxe5 Nh7 25. Rhf1 Red7 26. Ba5 b6 27. Bc3 Kb7 28. Kb1 Ng5 29. Rf4 Rd3 30. g4 R8d7 31. Ref1 Kc8 32. a3 Kd8 33. Ka2 Ke8 34. Kb3 $1 Qc5 35. Qc2 (35. Kc2 $1 $11) 35... Qc6 (35... a5 $17 36. Ka2 Qc6) 36. Qe2 a5 37. Kc2 $15 1/2-1/2

[Event "29th IND-ch U17 Girls 2018"]
[Site "Sonipat"]
[Date "2018.09.11"]
[Round "11"]
[White "Priyanka, Kumari"]
[Black "Sanskriti Goyal"]
[Result "1-0"]
[ECO "B90"]
[WhiteElo "2005"]
[BlackElo "1965"]
[Annotator "NA RC"]
[PlyCount "51"]
[EventDate "2018.09.05"]
[EventCountry "IND"]
[SourceTitle "playchess.com"]
[Source "ChessBase"]
[SourceQuality "1"]
[TimeControl "5400+30"]

1. e4 c5 2. Nf3 d6 3. d4 cxd4 4. Nxd4 Nf6 5. Nc3 a6 6. Bd3 e5 7. Nde2 Be7 8. O-O O-O 9. Ng3 g6 10. Bh6 Re8 11. Qd2 Be6 12. Nd5 $15 Bxd5 13. exd5 Ng4 14. Be3 f5 15. Qb4 Nd7 16. Nxf5 gxf5 17. Bxf5 Nxe3 18. fxe3 Kh8 19. Bxh7 Kxh7 20. Qe4+ Kh6 21. Rf3 Nf6 22. Rh3+ Kg7 23. Rg3+ Kh8 24. Qg6 Rg8 25. Rh3+ Nh7 26. Qxh7# 1-0

[Event "29th IND-ch U17 Girls 2018"]
[Site "Sonipat"]
[Date "2018.09.11"]
[Round "11"]
[White "Jyothsna L"]
[Black "Tanishka Kotia"]
[Result "1-0"]
[ECO "D36"]
[WhiteElo "1964"]
[BlackElo "1918"]
[Annotator "NA RC"]
[PlyCount "75"]
[EventDate "2018.09.05"]
[EventCountry "IND"]
[SourceTitle "playchess.com"]
[Source "ChessBase"]
[SourceQuality "1"]
[TimeControl "5400+30"]

1. d4 Nf6 2. c4 e6 3. Nc3 d5 4. cxd5 exd5 5. Bg5 c6 6. Qc2 Be7 7. e3 h6 8. Bh4 {[%emt 0:00:07] LiveBook: 65 Games} Nh5 {[%emt 0:01:04] D36: Queen's Gambit Declined: Exchange Variation: Main line (5 Bg5 c6 6 Qc2)} (8... O-O 9. Bd3 Re8 10. Nge2 Nh5 11. Bxe7 Qxe7 12. h3 a5 13. a3 Nd7 14. Na4 Qh4 15. g3 Qd8 16. g4 Nhf6 17. Ng3 Nf8 18. O-O-O {1-0 (67) Caruana,F (2799)-Kramnik,V (2803) Douglas 2017}) 9. Bxe7 Qxe7 {[%emt 0:00:00] [#]} (9... Kxe7 $14 10. h3 Qb6) 10. Nxd5 $1 Qd6 11. Nc3 Nd7 $146 ({Predecessor:} 11... O-O 12. Be2 Nf6 13. Nf3 Bg4 14. h3 Be6 15. g4 g6 16. Ne5 {1-0 (24) Olivares Canelles,F (2298)-Perez Torres,Y (2096) Havana 2010}) 12. Qe4+ Kf8 13. Nf3 Nhf6 14. Qc2 Nb6 15. Rc1 Be6 16. Bd3 Nfd5 17. a3 g6 18. Ne4 Qe7 19. Nc5 Kg7 20. Ne5 Rae8 21. O-O h5 22. Rce1 Bc8 23. f4 Qc7 $2 {[%emt 0:09:32] [#]} (23... Qd6 {is a better chance.} 24. Ne4 Qd8) 24. Qf2 (24. Bxg6 $142 $1 Re7 (24... fxg6 25. Qxg6+) 25. Bxf7 Rxf7 26. Qg6+ Kf8 27. f5 (27. Qxf7+ Qxf7 28. Nxf7 Kxf7 $18)) 24... Nd7 (24... f5 {was called for.} 25. e4 Ne7) 25. Ncxd7 Bxd7 26. f5 g5 27. f6+ Kf8 28. Qg3 Rg8 29. Bh7 Rh8 30. Be4 Rg8 31. Bxd5 Rxe5 32. Qxe5 Qxe5 33. dxe5 cxd5 34. e4 Ke8 35. exd5 Kd8 36. e6 fxe6 $18 37. dxe6 Bb5 38. f7 1-0